AoeStats
← Gorp

Arena

505785783Analyzed
1v1 RM · 22d ago on Sep 11, 2026· 43m 50s· 2 players
Game mode
Random Map
Map size
Tiny (2 player)
Population
200
Speed
Normal
Resources
Standard
Victory
Conquest
Starting age
Dark Age
Ending age
Imperial Age
RankedLock teamsTeams togetherTeam positionsShared explorationLock speedFull tech treeHidden civsTurbo modeCheats
Victory
Defeat
🇨🇦 Mongols · Canada
584
+14
🇨🇱 Byzantines · Chile
542
-14
Sirk3771
11:24 Feudal Age
11:57 Double-Bit Axe
19:43 Castle Age
22:05 Husbandry
22:01 Horse Collar
23:04 Forging
23:00 Scale Barding Armor
26:21 Bow Saw
27:47 Iron Casting
28:44 Heavy Plow
30:38 Loom
31:29 Wheelbarrow
32:01 Thumb Ring
32:10 Light Cavalry
34:02 Hand Cart
33:51 Gold Mining
37:58 Gold Shaft Mining
37:15 Stone Mining
42:21 Imperial Age
40:45 Chain Barding Armor
40:16 Fletching
40:27 Padded Archer Armor
40:27 Scale Mail Armor
41:40 Stone Shaft Mining
41:35 Fortified Wall
Gorp
7:30 Loom
9:45 Feudal Age
12:34 Double-Bit Axe
13:06 Horse Collar
14:54 Bloodlines
16:37 Wheelbarrow
21:17 Castle Age
22:46 Bow Saw
22:20 Light Cavalry
23:01 Husbandry
23:01 Crossbowman
28:07 Thumb Ring
29:37 Scale Barding Armor
29:43 Forging
29:53 Heavy Plow
31:21 Fletching
31:52 Chain Barding Armor
34:13 Bodkin Arrow
35:24 Gold Mining
35:27 Stone Mining
37:05 Iron Casting
40:52 Imperial Age
40:25 Hand Cart
39:56 Town Watch
40:44 Ballistics
41:19 Elite Mangudai
43:18 Conscription
43:38 Parthian Tactics
42:37 Arbalester
Connection lost

Rejoining the realm…

Still unreachable

The connection could not be restored.

Session expired

The server has moved on; the page needs a fresh start.